 Dungeon Crawl Stone Soup version 0.31.0-11-ge490571c62 (webtiles) character file.

Game seed: 11184968790548313339

103 qw the Shooter (level 4, -1/23 HPs)
             Began as a Spriggan Hunter on Feb 4, 2024.
             Slain by Robin
             ... wielding a +0 trident of freezing
              (2 damage)
             ... on level 2 of the Dungeon.
             The game lasted 00:00:06 (1364 turns).

qw the Shooter (Spriggan Hunter)                    Turns: 1364, Time: 00:00:06

Health: -1/23      AC:  2    Str:  7    XL:     4   Next: 51%
Magic:  5/5        EV: 20    Int: 10    God:
Gold:   130        SH:  0    Dex: 20    Spells: 3/3 levels left

rFire   . . .        a - +0 shortbow (heavy)
rCold   . . .        (shield currently unavailable)
rNeg    . . .        c - +0 robe
rPois   .            (helmet restricted)
rElec   .            (no cloak)
rCorr   .            (gloves unavailable)
SInv    +            (boots unavailable)
Will    .....        (no amulet)
Stlth   ++           (no ring)
HPRegen 0.23/turn    (no ring)
MPRegen 0.09/turn

%: no passive effects
@: very quick
A: very small, no large weapons, unfitting armour, see invisible, speed 3
a: no special abilities


You were on level 2 of the Dungeon.
You visited 1 branch of the dungeon, and saw 2 of its levels.

You collected 130 gold pieces.


Innate Abilities, Weirdness & Mutations

You are very small and have problems with some larger weapons.
You are too small for most types of armour.
You have supernaturally acute eyesight. (SInv)
You cover ground extremely quickly. (Speed+++)


   Skills:
 + Level 1.6 Fighting
 - Level 5.0 Ranged Weapons
 - Level 5.0 Dodging
 - Level 1.5 Stealth


You had 3 spell levels left.
You didn't know any spells.
Your spell library was empty.

Inventory:

Hand Weapons
 a - a +0 heavy shortbow (weapon)
Armour
 c - a +0 robe (worn)
Scrolls
 b - a scroll of enchant weapon {unknown}
 d - a scroll of revelation {unknown}
 f - a scroll of enchant armour {unknown}
 g - a scroll of identify {unknown}
 i - a scroll of teleportation {unknown}
Potions
 e - a potion of enlightenment {unknown}
 h - a potion of invisibility {unknown}

Dungeon Overview and Level Annotations

Branches:
Dungeon (2/15)

Altars:

Annotations:
D:2 Robin


Message History

The goblin misses you. The goblin barely misses you.
You shoot an arrow. The arrow hits the goblin!
You kill the goblin!
The goblin misses you. The goblin hits you with a +0 dagger.
The goblin completely misses you.
You shoot an arrow. The arrow hits the goblin!
You kill the goblin!
The hobgoblin no longer looks unusually strong.
The goblin no longer looks unusually strong.
The goblin hits you but does no damage. The hobgoblin hits you!
The goblin misses you.
Robin says, "Bow before me, strongest of all the hobgoblins!"
Your Dodging skill increases to level 5!
You shoot an arrow. The arrow hits the hobgoblin!
You kill the hobgoblin!
The goblin misses you.
You shoot an arrow. The arrow hits the hobgoblin!
You kill the hobgoblin!
Robin hits you from afar with a +0 trident of freezing!
Robin freezes you. The goblin completely misses you.
Robin roars a battlecry!
The goblins go into a battle-frenzy!
The goblin closely misses you. The goblin misses you.
You shoot an arrow. The arrow hits the goblin!
You kill the goblin!
The goblin no longer looks unusually strong.
Robin roars a battlecry!
The goblin goes into a battle-frenzy!
The goblin completely misses you. x2; Robin completely misses you.
The goblin hits you but does no damage.
You shoot an arrow. The arrow hits the goblin.
The goblin is severely wounded.
The goblin misses you. The goblin completely misses you.
You shoot an arrow. The arrow hits the goblin!
You kill the goblin!
The goblin completely misses you.
Robin hits you from afar with a +0 trident of freezing.
Robin freezes you.
You die...
Robin says, "And that's why I'm the boss."

# .####
##################......
#..............g@)))....
#.################g.....
#...##.# ..... ###.##.#
.... ###.##.# ...
.>.....########### ..
..#.##.........).# .
....##..:(.......#
.................#
..######


You could see Robin and a goblin (strong).

Vanquished Creatures
  2 adders (D:2)
  2 dart slugs
  A ribbon worm (D:2)
  7 ball pythons
  A bat (D:1)
  10 endoplasms
  12 goblins
  11 hobgoblins
  9 jackals
  3 quokkas
  6 frilled lizards
  A kobold (D:2)
  4 rats (D:1)
69 creatures vanquished.

Notes
Turn   | Place    | Note
-------+----------+-------------------------------------------
     0 | D:1      | qw the Spriggan Hunter began the quest for the Orb.
     0 | D:1      | Reached XP level 1. HP: 10/10 MP: 2/2
     0 | D:1      | 0 ||| qw: Version: 0.3-a-160-g6735b56
     0 | D:1      | 0 ||| qw: Game counter: 4382
     0 | D:1      | 0 ||| qw: Melee chars always use a shield: true
     0 | D:1      | 0 ||| qw: God list: Okawaru
     0 | D:1      | 0 ||| qw: Allow faded altars: false
     0 | D:1      | 0 ||| qw: Do Orc after clearing Dungeon:15 true
     0 | D:1      | 0 ||| qw: Do second Lair branch before Depths: true
     0 | D:1      | 0 ||| qw: Lair rune preference: random
     0 | D:1      | 0 ||| qw: Goals: Normal
     0 | D:1      | 0 ||| PLANNING D:1-11
    30 | D:1      | Reached skill level 3 in Dodging
    89 | D:1      | Reached XP level 2. HP: 14/14 MP: 3/3
   274 | D:1      | Reached XP level 3. HP: 18/18 MP: 4/4
   787 | D:1      | 787 ||| READING scroll labelled GUTRAN XAYN BUSCH.
   788 | D:1      | 788 ||| READING 5 scrolls labelled REPUIR BENNUIPP.
   789 | D:1      | 789 ||| READING scroll labelled XACWUL ONASM.
   789 | D:1      | 789 ||| BRANDING +0 shortbow.
   790 | D:1      | 790 ||| READING scroll labelled CIUPTAUMUIF.
   791 | D:1      | 791 ||| DRINKING 2 silvery potions.
   792 | D:1      | 792 ||| DROPPING scroll of butterflies.
   793 | D:1      | 793 ||| DROPPING 4 scrolls of blinking.
   842 | D:2      | 842 ||| STAIRDANCE
   846 | D:2      | 846 ||| STAIRDANCE
   850 | D:2      | 850 ||| STAIRDANCE
   855 | D:2      | 855 ||| STAIRDANCE
  1085 | D:2      | Reached XP level 4. HP: 22/22 MP: 5/5
  1087 | D:2      | HP: 5/22 [adder (3)]
  1088 | D:2      | HP: 2/22 [poisoned by an adder]
  1089 | D:2      | 1089 ||| DRINKING potion of curing.
  1089 | D:2      | 1089 ||| (to cure poison)
  1348 | D:2      | Noticed Robin
  1361 | D:2      | HP: 3/22 [Robin/+0 trident of freezing (7)]
  1364 | D:2      | HP: 1/23 [Robin/+0 trident of freezing (3)]
  1364 | D:2      | Slain by Robin

Levels and vault maps discovered:
D:1:      minmay_arrival_nine_rooms, layout_basic, minmay_surrounded
D:2:      layout_basic, grunt_decor_mini_mirrors, uniq_robin

Skill      XL: |  1  2  3  4 |
---------------+-------------+-----
Dodging        | 3 4 5 |  5.0
Ranged Weapons | 5 |  5.0
Fighting       | |  1.6
Stealth        | |  1.5

Action                     |  1- 3 |  4- 6 || total
---------------------------+-------+-------++-------
   Fire: Shortbow          |   112 |    29 ||   141
    Use: Scroll            |     4 |       ||     4
         Potion            |     1 |     1 ||     2
 Armour: Robe              |     9 |    18 ||    27
  Dodge: Dodged            |    45 |    39 ||    84

Table legend:
 A = Non-vault XP
 B = Vault XP
 C = Vault XP percentage of total XP
 D = Non-vault monster count
 E = Vault monster count
 F = Vault count percentage of total count
                 A         B        C        D         E       F
            +---------+---------+-------+---------+---------+-------
      Total |     127 |      23 |  15.3 |      57 |      12 |  17.4
            +---------+---------+-------+---------+---------+-------
        D:1 |      67 |       5 |   6.9 |      38 |       3 |   7.3
        D:2 |      60 |      18 |  23.1 |      19 |       9 |  32.1
            +---------+---------+-------+---------+---------+-------
